 Dungeon Crawl Stone Soup version 0.22.1-2-g9c5b331383 (webtiles) character file.

5763 Marjanaama the Spear-Bearer (level 10, -6/90 HPs)
             Began as a Minotaur Berserker on Nov 29, 2018.
             Was an Elder of Trog.
             Succumbed to a green ugly thing's poison
             ... on level 8 of the Dungeon.
             The game lasted 00:40:33 (6107 turns).

Marjanaama the Spear-Bearer (Minotaur Berserker)    Turns: 6107, Time: 00:40:34

Health: -6/90      AC: 14    Str: 26      XL:     10   Next: 49%
Magic:  9/9        EV:  3    Int:  2 (4)  God:    Trog [****..]
Gold:   415        SH:  3    Dex:  8 (9)  Spells: 9/9 levels left

rFire    . . .     SeeInvis .   m - +5 scythe (venom)
rCold    + . .     Gourm    .   (shield currently unavailable)
rNeg     . . .     Faith    .   r - +0 plate armour
rPois    .         Spirit   .   (helmet restricted)
rElec    .         Reflect  +   (no cloak)
rCorr    .         Harm     .   (no gloves)
MR       .....                  (no boots)
Stlth    ..........             b - +3 amulet of reflection
HPRegen  0.25/turn              y - ring of protection from cold
MPRegen  0.11/turn              w - -6 ring of evasion (curse)

@: lethally poisoned (-6 -> -50), berserk cooldown, slowed, very slow
A: retaliatory headbutt, horns 2
a: Berserk, Trog's Hand, Brothers in Arms, Renounce Religion


You were on level 8 of the Dungeon.
You worshipped Trog.
Trog was greatly pleased with you.
You were very hungry.

You visited 1 branch of the dungeon, and saw 8 of its levels.

You collected 415 gold pieces.

Inventory:

Hand Weapons
 d - a +2 whip of draining
 f - a +0 antimagic flail
 k - a +2 whip of freezing
 m - a +5 scythe of venom (weapon)
 A - a +0 giant club
 F - a +4 flail
Missiles
 e - 46 stones
 l - 5 javelins (quivered)
 q - 80 bolts
 B - 28 poisoned needles
Armour
 g - a +0 ring mail
 o - a +0 ring mail
 r - a +0 plate armour (worn)
 x - a +0 chain mail
Jewellery
 b - a +3 amulet of reflection (around neck)
 w - a cursed -6 ring of evasion (right hand)
 y - a ring of protection from cold (left hand)
Wands
 p - a wand of flame (34)
Scrolls
 n - 3 scrolls of immolation
 u - a scroll of teleportation
Potions
 h - 2 potions of lignification
 j - a potion of flight
 s - a potion of invisibility
Comestibles
 c - 5 rations


   Skills:
 + Level 8.9 Fighting
   Level 5.0(9.7) Axes
 + Level 3.7(5.0) Maces & Flails
 + Level 12.1(12.5) Polearms
 + Level 10.0 Armour
 + Level 3.6 Dodging
 + Level 0.5 Stealth


You had 9 spell levels left.
You didn't know any spells.
Your spell library contained the following spells:

 Spells                   Type           Power        Failure   Level  Hunger
 Infusion                 Chrm           #...         99%         1    ##.....
 Shroud of Golubria       Chrm/Tloc      #.........   100%        2    ###....
 Song of Slaying          Chrm           #.......     100%        2    ###....
 Regeneration             Chrm/Necr      #.........   100%        3    ####...
 Spectral Weapon          Hex/Chrm       #.......     100%        3    ####...


Dungeon Overview and Level Annotations

Branches:
Dungeon (8/15)             Temple (0/1) D:7            Lair (0/6) D:8

Altars:
Gozag
Okawaru
Vehumet


Innate Abilities, Weirdness & Mutations

You reflexively headbutt those who attack you in melee.
You have a pair of horns on your head.


Message History

The green ugly thing is almost dead.
You float gracefully downwards.
* * * LOW HITPOINT WARNING * * *
You feel extremely sick.
The green ugly thing tentacle-slaps you but does no damage.
The green ugly thing tentacle-slaps you!
* * * LOW HITPOINT WARNING * * *
Your plate armour prevents you from hitting the green ugly thing.
The green ugly thing is almost dead.
* * * LOW HITPOINT WARNING * * *
You feel very sick.
The green ugly thing looks more healthy.
The green ugly thing tentacle-slaps you.
* * * LOW HITPOINT WARNING * * *
You are more poisoned.
The green ugly thing poisons you!
The green ugly thing tentacle-slaps you but does no damage.
You completely miss the green ugly thing.
The green ugly thing is almost dead.
You die...

*,,,,,,,* *§#..,#,*
##.#.#.## #.#...#.#
#.!.#...###########
#.#..!#.#.........#
#.......#.........#
###''†###.........#
#...†u@.#.........#
####......###.....#
######## #.....# #
#.....# # #.....# #
###.....# #
#<.....## #......#
#......#


You could see a green ugly thing.

Vanquished Creatures
  A very ugly thing (D:8)
  Pikel (D:6)
  2 ugly things (D:8)
  Sigmund (D:3)
  A yak (D:8)
  A steam dragon (D:8)
  2 porcupines (D:8)
  2 ice beasts
  A slave (D:6)
  An orc warrior (D:8)
  2 black bears (D:7)
  2 ogres
  3 centaurs
  Blork the orc (D:5)
  2 big kobolds (D:7)
  2 bullfrogs (D:8)
  4 scorpions
  3 killer bees (D:8)
  13 wights
  2 howler monkeys
  2 crimson imps
  A bullfrog zombie (D:6)
  A bullfrog skeleton (D:7)
  2 jellies
  A quasit (D:7)
  4 orc priests
  A centaur skeleton (D:4)
  2 orc wizards
  An iguana (D:5)
  Natasha (D:2)
  2 worker ants
  A killer bee zombie (D:5)
  A hound zombie (D:3)
  A hound skeleton (D:7)
  7 gnolls
  9 adders
  A shadow imp (D:8)
  2 oozes
  An adder skeleton (D:8)
  2 dart slugs
  4 leopard geckos
  17 orcs
  7 giant cockroaches
  11 goblins
  4 hobgoblins
  2 quokkas
  A ball python (D:3)
  5 bats
  5 frilled lizards
  21 kobolds
  11 rats
  A plant (D:8)
179 creatures vanquished.

Vanquished Creatures (others)
  A slave (D:6)
  An ooze (D:6)
  2 fungi (D:8)
4 creatures vanquished.

Grand Total: 183 creatures vanquished

Notes
Turn   | Place    | Note
-------+----------+-------------------------------------------
     0 | D:1      | Marjanaama the Minotaur Berserker began the quest for the
                  | Orb.
     0 | D:1      | Reached XP level 1. HP: 19/19 MP: 0/0
   130 | D:1      | Reached XP level 2. HP: 25/27 MP: 1/1
   384 | D:1      | Reached XP level 3. HP: 18/33 MP: 2/2
   692 | D:2      | Reached ** piety under Trog
   892 | D:2      | Reached skill level 1 in Maces & Flails
   902 | D:2      | Reached XP level 4. HP: 41/41 MP: 3/3
   973 | D:2      | Noticed Natasha
   977 | D:2      | Killed Natasha
  1064 | D:3      | Noticed Sigmund
  1074 | D:3      | Killed Sigmund
  1074 | D:3      | Reached skill level 5 in Fighting
  1074 | D:3      | Reached skill level 5 in Axes
  1074 | D:3      | Reached XP level 5. HP: 45/48 MP: 4/4
  1139 | D:3      | Reached XP level 6. HP: 48/56 MP: 5/5
  1729 | D:3      | Reached skill level 1 in Polearms
  1939 | D:4      | Reached skill level 2 in Polearms
  1939 | D:4      | Reached XP level 7. HP: 23/61 MP: 4/6
  1940 | D:4      | Reached skill level 5 in Armour
  1941 | D:4      | Reached skill level 3 in Polearms
  1943 | D:4      | Reached *** piety under Trog
  2384 | D:4      | Found an opulent altar of Gozag.
  2432 | D:4      | Reached skill level 4 in Polearms
  2701 | D:5      | Entered Level 5 of the Dungeon
  2806 | D:5      | Found a radiant altar of Vehumet.
  2814 | D:5      | Noticed Blork the orc
  2823 | D:5      | Killed Blork the orc
  2823 | D:5      | Reached skill level 5 in Polearms
  2823 | D:5      | Reached XP level 8. HP: 57/70 MP: 7/7
  2841 | D:5      | Found an iron altar of Okawaru.
  3149 | D:5      | Reached skill level 6 in Polearms
  3275 | D:6      | Noticed Pikel
  3285 | D:6      | Killed Pikel
  3285 | D:6      | Reached skill level 7 in Polearms
  3320 | D:6      | Reached skill level 8 in Polearms
  3722 | D:7      | Reached XP level 9. HP: 79/79 MP: 8/8
  3765 | D:7      | Reached skill level 9 in Polearms
  4377 | D:7      | Reached **** piety under Trog
  4418 | D:7      | Found a staircase to the Ecumenical Temple.
  5033 | D:8      | Reached skill level 10 in Polearms
  5344 | D:8      | Reached skill level 11 in Polearms
  5671 | D:8      | Reached XP level 10. HP: 88/88 MP: 9/9
  5760 | D:8      | Found a runed gate.
  5760 | D:8      | Found a runed gate.
  5760 | D:8      | Found a runed gate.
  5760 | D:8      | Noticed a brown ugly thing
  5760 | D:8      | Noticed a green ugly thing
  5760 | D:8      | Noticed a white ugly thing
  5761 | D:8      | Noticed a green very ugly thing
  6089 | D:8      | Killed a green very ugly thing
  6091 | D:8      | Killed a red ugly thing
  6096 | D:8      | Killed a white ugly thing
  6096 | D:8      | Reached skill level 12 in Polearms
  6096 | D:8      | Reached skill level 10 in Armour
  6106 | D:8      | HP: 4/90 [poisoned by a green ugly thing]
  6107 | D:8      | Succumbed to a green ugly thing's poison

Skill      XL: |  1  2  3  4  5  6  7  8  9 10 |
---------------+-------------------------------+-----
Axes           | 4 5 |  5.0
Fighting       | 4 5 6 7 8 |  8.9
Maces & Flails | 2 3 |  3.7
Armour         | 3 4 6 7 9 10 | 10.0
Polearms       | 2 5 8 11 12 | 12.1
Dodging        | 3 |  3.6
Stealth        | |  0.5

Action                   |  1- 3 |  4- 6 |  7- 9 | 10-12 || total
-------------------------+-------+-------+-------+-------++-------
Melee: Hand axe          |     7 |       |       |       ||     7
       Whip              |    52 |    43 |       |       ||    95
       Headbutt          |     6 |    14 |    45 |     7 ||    72
       Scythe            |       |    47 |   222 |    30 ||   299
Invok: Trog's Hand       |     1 |     3 |     5 |     1 ||    10
       Berserk           |     1 |     2 |     1 |     1 ||     5
  Use: Scroll            |       |     7 |     7 |       ||    14
       Potion            |       |       |     4 |     4 ||     8
  Eat: Ration            |       |     2 |     5 |       ||     7
Armor: Ring mail         |    12 |       |       |       ||    12
       Leather armour    |     1 |       |       |       ||     1
       Chain mail        |       |     1 |       |       ||     1
       Plate armour      |       |    80 |   245 |    19 ||   344
Dodge: Dodged            |    30 |    68 |   187 |    10 ||   295
Block: Buckler           |     1 |     3 |       |       ||     4
       Other             |       |       |       |     2 ||     2
